 Dungeon Crawl Stone Soup version 0.23.0 (webtiles) character file.

Game seed: 17054927561160625852

101 redwoodhats the Chiller (level 4, -3/24 HPs)
             Began as a Gargoyle Ice Elementalist on Feb 11, 2019.
             Killed from afar by an adder (6 damage)
             ... with an exploding inner flame
             ... hexed by the player character
             ... on level 3 of the Dungeon.
             The game lasted 00:15:28 (2693 turns).

redwoodhats the Chiller (Gargoyle Ice Elementalist) Turns: 2693, Time: 00:15:29

Health: -3/24      AC:  5    Str: 12    XL:     4   Next: 75%
Magic:  0/8        EV: 12    Int: 16    God:
Gold:   173        SH:  0    Dex: 10    Spells: 1/9 levels left

rFire    + . .     SeeInvis .   d - +1 dagger
rCold    + . .     Gourm    .   (no shield)
rNeg     + . .     Faith    .   a - +0 robe
rPois    ∞         Spirit   +   (helmet restricted)
rElec    +         Reflect  .   (no cloak)
rCorr    +         Harm     .   (no gloves)
MR       .....     Clarity  +   (no boots) Stlth ++........Rnd*Tele +
                                h - amulet of guardian spirit
HPRegen  0.08/turn              b - ring of teleportation (curse)
MPRegen  0.11/turn              (no ring)

@: resistant, very slightly contaminated
A: horns 1, clarity, negative energy resistance 1, electricity resistance, wild
magic 1, unbreathing, petrification resistance, rot immunity, AC +3
a: no special abilities


You were on level 3 of the Dungeon.
You were not hungry.

You visited 1 branch of the dungeon, and saw 3 of its levels.

You collected 173 gold pieces.

Inventory:

Hand Weapons
 d - a +1 dagger (weapon)
Missiles
 g - 8 tomahawks (quivered)
 k - a throwing net
 o - 7 silver tomahawks
Armour
 a - a +0 robe (worn)
Jewellery
 b - a cursed ring of teleportation (left hand)
 h - an amulet of guardian spirit (around neck)
Scrolls
 e - a scroll of amnesia
 i - a scroll of identify
 n - a scroll of remove curse
Potions
 f - 3 potions of heal wounds
Comestibles
 c - 8 rations


   Skills:
 + Level 0.2 Fighting
 + Level 1.8 Dodging
 + Level 2.7 Stealth
 + Level 3.1 Spellcasting
   Level 1.1 Conjurations
 + Level 4.1 Ice Magic


You had one spell level left.
You knew the following spells:

 Your Spells              Type           Power        Failure   Level  Hunger
a - Freeze                Ice            ###.         6%          1    None
b - Ozocubu's Armour      Chrm/Ice       ##......     32%         3    ###....
c - Summon Ice Beast      Ice/Summ       ##......     69%         4    ####...

Your spell library contained the following spells:

 Spells                   Type           Power        Failure   Level  Hunger
 Throw Frost              Conj/Ice       ##....       14%         2    ##.....
 Throw Icicle             Conj/Ice       ##......     63%         4    ####...


Dungeon Overview and Level Annotations

Branches:
Dungeon (3/15)

Altars:


Innate Abilities, Weirdness & Mutations

You are resistant to torment.
Your stone body is resilient. (AC +3)
You are immune to poison.
You resist negative energy. (rN+)
You are resistant to electric shocks. (rElec)
You can survive without breathing.
You are immune to petrification.
You are immune to rotting.
You have a pair of small horns on your head.
You possess an exceptional clarity of mind.
Your spells are a little harder to cast, but a little more powerful.


Message History

The adder barely misses you. The adder bites you but does no damage.
You hit the adder.
The adder is severely wounded.
The adder closely misses you. The adder barely misses you. The adder bites you.
The adder barely misses you.
You hit the adder.
You headbutt the adder, but do no damage.
The adder is almost dead.
The adder bites you but does no damage. The adder closely misses you.
The adder misses you. The adder bites you but does no damage.
You hit the adder.
The adder explodes!
The fiery explosion engulfs the adder!!
The adder explodes!
The fiery explosion engulfs you! You resist.
* * * LOW HITPOINT WARNING * * *
The fiery explosion engulfs the adder!!
The adder explodes!
The fiery explosion engulfs you. You resist.
You die...

*#................###.....).....
###.#............# #........###
#.#............# #........#
#.#............# #........#
#.#.....)......# #........#
#.#............# ##########
#.#.......§§§§§##########
#.#.......§§§§§.........#
*,###+######@§§.........#
*,***+***###......†.....##**
*,**,,,,..................)*
*,**,,,,..........%........*
*,**,,,....................*
*,**,,,.....############...*
*,**,,,.....* *...*
*,**,,......*** *,..*
*,,,,,,,,,,,,,* *,,,*


There were no monsters in sight!

Vanquished Creatures
  3 gnolls (D:2)
  2 adders (D:3)
  An ooze (D:2)
  4 leopard geckos
  3 orcs (D:3)
  4 giant cockroaches
  4 goblins
  A hobgoblin (D:1)
  2 jackals (D:2)
  8 bats
  5 frilled lizards
  4 kobolds
  5 rats
46 creatures vanquished.

Notes
Turn   | Place    | Note
-------+----------+-------------------------------------------
     0 | D:1      | redwoodhats the Gargoyle Ice Elementalist began the quest
                  | for the Orb.
     0 | D:1      | Reached XP level 1. HP: 10/10 MP: 3/3
   167 | D:1      | Reached XP level 2. HP: 15/15 MP: 3/5
   456 | D:1      | You fall through a shaft!
   555 | D:2      | Reached XP level 3. HP: 17/19 MP: 0/6
  1046 | D:1      | Gained mutation: You have a pair of small horns on your
                  | head. [potion of mutation]
  1046 | D:1      | Gained mutation: Your spells are a little harder to cast,
                  | but a little more powerful. [potion of mutation]
  1046 | D:1      | Gained mutation: You possess an exceptional clarity of
                  | mind. [potion of mutation]
  1115 | D:1      | Learned a level 3 spell: Ozocubu's Armour
  1569 | D:2      | Reached XP level 4. HP: 24/24 MP: 6/8
  2432 | D:2      | Learned a level 4 spell: Summon Ice Beast
  2531 | D:3      | Reached skill level 4 in Ice Magic
  2693 | D:3      | Killed from afar by an adder

Skill      XL: |  1  2  3  4 |
---------------+-------------+-----
Ice Magic      | 4 |  4.1
Spellcasting   | 3 |  3.1
Fighting       | |  0.2
Dodging        | |  1.8
Stealth        | |  2.7
Conjurations   | |  1.1

Action                   |  1- 3 |  4- 6 || total
-------------------------+-------+-------++-------
Melee: Dagger            |    35 |    10 ||    45
       Unarmed           |     2 |       ||     2
       Headbutt          |     1 |     1 ||     2
 Cast: Freeze            |    44 |    22 ||    66
       Ozocubu's Armour  |     1 |     2 ||     3
  Use: Potion            |     5 |     3 ||     8
       Scroll            |     3 |     3 ||     6
 Stab: Sleeping          |     2 |       ||     2
  Eat: Ration            |     1 |     1 ||     2
       Chunk             |     1 |       ||     1
Armor: Robe              |    43 |    18 ||    61
Dodge: Dodged            |    72 |    35 ||   107
